Map: King Sejong Station LE

Players

Gracz

  • Race: Protoss Protoss

Yurok - Winner!

  • Race: Protoss Protoss
  • League: Silver

VOD

Have the link to the VOD?

Description

Time

  • Played on: Oct. 20, 2016, 12:09 p.m.
  • Length: 2:34
Show
View Real Time Build Order
Export as new Build Order

Gracz Protoss 

Build Orders: 1 Gate Expand 

Get SALT Encoding   

  12  0:02  Probe (Chrono Boost)  
  13  0:26  Pylon  
  13  0:31  Probe (Chrono Boost)  
  13  0:35  Assimilator  
  14  0:41  Probe (Chrono Boost)  
  15  0:50  Gateway  
  15  0:52  Probe (Chrono Boost)  
  16  1:03  Gateway  
  16  1:10  Probe (Chrono Boost)  
  17  1:20  Probe (Chrono Boost)  
  18  1:44  Unknown, Nexus  
  18  1:48  Cybernetics Core  
Show
View Real Time Build Order
Export as new Build Order

Yurok Protoss - Winner!

Build Orders: Cannon Rush 

Get SALT Encoding   

  12  0:01  Probe (Chrono Boost)  
  13  0:12  Probe (Chrono Boost)  
  14  0:18  Pylon  
  14  0:23  Probe (Chrono Boost)  
  15  0:37  Forge  
  15  0:41  Probe (Chrono Boost)  
  16  0:51  Probe (Chrono Boost)  
  16  0:54  Assimilator  
  17  1:02  Probe (Chrono Boost)  
  18  1:09  Pylon  
  18  1:12  Probe (Chrono Boost)  
  19  1:28  Pylon, Photon Cannon  
  19  1:49  Photon Cannon  
  19  1:53  Photon Cannon  
  19  2:10  Pylon  
  19  2:17  Photon Cannon  
  19  2:24  Photon Cannon  
  19  2:28  Photon Cannon  
  19  2:33  Photon Cannon  
Tags
 
Add a new tag
Caveats
  • Supply blocks, unpowered buildings, or Contaminate may cause inaccurate times.
  • Supply counts are checked every 10 seconds.